AoeStats
← Cinnamoroll

Arena

505587700Analyzed
4v4 RM · 23d ago on Sep 10, 2026· 41m 53s· 8 players
Game mode
Random Map
Map size
Large (8 player)
Population
200
Speed
Normal
Resources
Standard
Victory
Conquest
Starting age
Dark Age
Ending age
Imperial Age
RankedLock teamsTeams togetherTeam positionsShared explorationLock speedFull tech treeHidden civsTurbo modeCheats
Victory
Defeat
🇦🇷 Malians · Argentina
1516
+18
🇨🇴 Tatars · Colombia
1515
+18
🇦🇷 Armenians · Argentina
1417
+22
🇨🇴 Franks · Colombia
1361
+24
🇺🇸 Khitans · United States
1603
-22
🇧🇷 Gurjaras · Brazil
1582
-22
🇨🇳 Inca · China
1512
-19
🇨🇦 Britons · Canada
1504
-19
Cinnamoroll
11:31 Feudal Age
12:31 Horse Collar
12:53 Double-Bit Axe
15:18 Castle Age
15:59 Heavy Plow
16:10 Bow Saw
16:37 Forging
18:54 Wheelbarrow
21:38 Loom
25:52 Hand Cart
25:22 Town Watch
28:38 Imperial Age
26:43 Forging
27:02 Scale Mail Armor
27:07 Man-at-Arms
27:52 Squires
28:36 Chain Mail Armor
30:10 Iron Casting
29:01 Long Swordsman
30:33 Plate Mail Armor
29:47 Two-Handed Swordsman
30:43 Champion
32:57 Blast Furnace
35:01 Padded Archer Armor
34:56 Fletching
35:04 Gold Mining
34:43 Elite Skirmisher
35:29 Gambesons
MooSpecial
10:31 Feudal Age
11:13 Loom
14:41 Castle Age
12:53 Double-Bit Axe
12:55 Domestication
15:40 Bow Saw
21:07 Pastoralism
22:37 Wheelbarrow
21:56 Gold Mining
22:19 Town Watch
23:46 Hand Cart
27:42 Imperial Age
26:25 Scale Mail Armor
26:35 Forging
26:18 Treadmill Crane
27:01 Stone Mining
27:29 Chain Mail Armor
27:18 Squires
27:03 Arson
27:09 Pikeman
29:00 Iron Casting
28:38 Lamellar Armor
28:54 Conscription
30:09 Two-Man Saw
29:59 Transhumance
30:31 Plate Mail Armor
30:03 Elite Fire Lancer
31:44 Heavy Rocket Cart
34:34 Heavy Rocket Cart
35:13 Elite Liao Dao
36:43 Stone Shaft Mining
36:44 Siege Engineers
2468899547
11:23 Feudal Age
15:00 Castle Age
13:04 Horse Collar
13:32 Double-Bit Axe
15:56 Heavy Plow
16:07 Bow Saw
20:58 Stone Mining
21:34 Gold Mining
23:00 Wheelbarrow
23:36 Stone Shaft Mining
23:41 Gold Shaft Mining
23:08 Loom
25:01 Hand Cart
25:42 Scale Mail Armor
25:55 Forging
28:46 Imperial Age
26:53 Chain Mail Armor
28:12 Iron Casting
30:44 Ballistics
29:56 Elite Kamayuk
30:57 Conscription
32:06 Plate Mail Armor
32:36 Blast Furnace
31:27 Fletching
31:38 Padded Archer Armor
33:12 Chemistry
32:10 Town Watch
32:22 Elite Skirmisher
33:08 Thumb Ring
33:29 Thumb Ring
36:26 Leather Archer Armor
36:07 Bodkin Arrow
逆·风
11:00 Feudal Age
11:59 Double-Bit Axe
14:53 Castle Age
13:10 Stone Mining
13:17 Horse Collar
15:40 Loom
16:40 Heavy Plow
22:25 Bow Saw
24:42 Wheelbarrow
24:24 Town Watch
24:53 Gold Mining
29:37 Imperial Age
27:43 Fletching
27:53 Padded Archer Armor
28:11 Hand Cart
28:25 Bodkin Arrow
28:53 Ballistics
28:45 Treadmill Crane
29:43 Kshatriyas
29:29 Elite Skirmisher
30:27 Thumb Ring
31:28 Chemistry
30:35 Elite Elephant Archer
31:37 Bracer
31:35 Murder Holes
32:16 Leather Archer Armor
32:13 Masonry
33:06 Gold Shaft Mining
33:06 Stone Shaft Mining
33:05 Conscription
34:29 Hoardings
34:27 Architecture
34:30 Crop Rotation
35:37 Frontier Guards
35:19 Scale Mail Armor
35:30 Forging
40:04 Chain Mail Armor
40:25 Iron Casting
39:40 Arson
39:16 Man-at-Arms
40:36 Long Swordsman
42:17 Plate Mail Armor
41:53 Scale Barding Armor
HIX | Jager_Master
11:00 Feudal Age
12:11 Double-Bit Axe
12:06 Horse Collar
15:18 Castle Age
16:15 Bow Saw
16:06 Heavy Plow
16:42 Wheelbarrow
19:51 Loom
21:00 Town Watch
23:28 Hand Cart
24:43 Gold Mining
26:00 Gold Shaft Mining
25:15 Stone Mining
27:32 Fletching
27:42 Padded Archer Armor
28:04 Ballistics
30:23 Imperial Age
28:33 Bodkin Arrow
29:05 Caravan
30:32 Leather Archer Armor
30:31 Bloodlines
30:21 Husbandry
29:42 Light Cavalry
30:29 Scale Barding Armor
30:34 Forging
30:35 Heavy Cavalry Archer
30:36 Elite Skirmisher
31:18 Bracer
32:20 Chemistry
31:01 Treadmill Crane
31:32 Masonry
32:22 Timurid Siegecraft
34:55 Ring Archer Armor
36:23 Siege Engineers
38:40 Iron Casting
38:06 Scale Mail Armor
38:26 Chain Barding Armor
42:05 Conscription
41:55 Silk Armor
43:07 Blast Furnace
42:20 Fortified Wall
42:01 Guard Tower
Milongo
12:09 Feudal Age
12:58 Double-Bit Axe
16:00 Castle Age
14:04 Gold Mining
18:04 Bow Saw
18:54 Husbandry
23:11 Wheelbarrow
22:24 Town Watch
25:18 Hand Cart
24:49 Loom
29:28 Imperial Age
26:53 Stone Mining
28:50 Scale Barding Armor
28:55 Forging
30:14 Chain Barding Armor
29:42 Cavalier
30:25 Chivalry
31:30 Light Cavalry
33:45 Iron Casting
33:45 Plate Barding Armor
34:04 Paladin
36:47 Elite Throwing Axeman
39:04 Gold Shaft Mining
39:20 Conscription
41:52 Caravan
HIX | Leo Mattioli
8:57 Loom
10:45 Feudal Age
9:47 Loom
14:39 Castle Age
13:06 Double-Bit Axe
17:13 Horse Collar
19:09 Padded Archer Armor
20:41 Fletching
24:24 Wheelbarrow
24:07 Bow Saw
24:57 Town Watch
28:47 Gold Mining
29:34 Hand Cart
30:03 Bodkin Arrow
33:48 Imperial Age
32:17 Leather Archer Armor
32:06 Elite Skirmisher
35:05 Ring Archer Armor
34:35 Bracer
35:43 Bracer
37:31 Conscription
41:13 Chemistry
41:08 Scale Mail Armor
41:19 Forging
41:02 Man-at-Arms
41:28 Gambesons
41:44 Squires
42:30 Fereters
HIX | Joako
10:43 Feudal Age
10:04 Loom
14:34 Castle Age
13:17 Double-Bit Axe
13:13 Horse Collar
14:51 Gold Mining
15:48 Bow Saw
16:20 Wheelbarrow
21:26 Town Watch
27:33 Imperial Age
25:17 Heavy Plow
25:54 Hand Cart
26:19 Man-at-Arms
27:05 Scale Mail Armor
27:44 Forging
27:36 Squires
27:46 Stone Mining
28:24 Chain Mail Armor
27:38 Long Swordsman
28:05 Arson
29:08 Forging
29:41 Plate Mail Armor
28:32 Two-Handed Swordsman
30:33 Iron Casting
29:20 Champion
29:45 Capped Ram
31:18 Ballistics
31:58 Chemistry
32:09 Gold Shaft Mining
32:09 Stone Shaft Mining
32:22 Conscription
33:26 Tigui
34:57 Scale Barding Armor
36:21 Chain Barding Armor
42:41 Plate Barding Armor
Connection lost

Rejoining the realm…

Still unreachable

The connection could not be restored.

Session expired

The server has moved on; the page needs a fresh start.